 Dungeon Crawl Stone Soup version 0.29-a0-330-g52719c12eb (webtiles) character file.

Game seed: 16902805886677430433

82 Crownlay the Digger (level 4, 0/28 HPs)
             Began as an Octopode Earth Elementalist on May 8, 2022.
             Succumbed to an adder's poison
             ... in a sewer.
             The game lasted 00:02:25 (1731 turns).

Crownlay the Digger (Octopode Earth Elementalist)   Turns: 1731, Time: 00:02:26

Health: 0/28       AC:  1    Str:  7    XL:     4   Next: 43%
Magic:  2/8        EV: 13    Int: 19    God:
Gold:   149        SH:  0    Dex: 12    Spells: 8/9 levels left

rFire   + . .      SeeInvis .   d - +0 dagger
rCold   + . .      Faith    .   (no shield)
rNeg    . . .      Spirit   .   (helmet restricted)
rPois   +          Reflect  .   (no amulet)
rElec   +          Harm     .   (no ring)
rCorr   +          Rampage  .   (no ring)
Will    .....                   (no ring)
Stlth   +++.......              (no ring)
HPRegen 0.09/turn               (no ring)
MPRegen 0.11/turn               (no ring)
                                (no ring)
                                (no ring)

@: lethally poisoned (0 -> -5), resistant
A: almost no armour, amphibious, 8 rings, camouflage 1, gelatinous body 1,
(nimble swimmer 1), tentacles
a: no special abilities


You were in a sewer.
You visited 1 branch of the dungeon, and saw 3 of its levels.
You also visited: Sewer.

You collected 149 gold pieces.

Inventory:

Hand Weapons
 d - a +0 dagger (weapon)
Missiles
 a - 74 stones
Jewellery
 f - a ring of resist corrosion
 k - a ring of ice
Scrolls
 c - a scroll of fear {unknown}
 g - 2 scrolls of teleportation
 h - a scroll of magic mapping {unknown}
 i - a scroll of blinking
 l - a scroll of identify {unknown}
 n - a scroll of acquirement {unknown}
 p - a scroll of fog {unknown}
Potions
 b - 3 potions of magic
 e - a potion of heal wounds {unknown}
 m - a potion of flight {unknown}
 o - a potion of might {unknown}


   Skills:
 + Level 1.4 Fighting
 - Level 2.0 Dodging
 - Level 2.6 Stealth
 * Level 3.1 Spellcasting
 + Level 1.4 Conjurations
 - Level 1.0 Transmutations
 + Level 3.4 Earth Magic


You had 8 spell levels left.
You knew the following spells:

 Your Spells              Type           Power      Damage    Failure   Level
a - Sandblast             Erth           32%        2d9       3%          1

Your spell library contained the following spells:

 Spells                   Type           Power      Damage    Failure   Level
 Magic Dart               Conj           32%        1d4       9%          1
 Passwall                 Tmut/Erth      9%         N/A       9%          2
 Searing Ray              Conj           16%        2d5       13%         2
 Animate Skeleton         Necr           4%         N/A       16%         1
 Apportation              Tloc           4%         N/A       16%         1
 Summon Small Mammal      Summ           8%         N/A       16%         1
 Stone Arrow              Conj/Erth      24%        3d8       17%         3
 Petrify                  Tmut/Erth      11%        N/A       52%         4
 Fulminant Prism          Conj/Hex       2%         3d6       73%         4


Dungeon Overview and Level Annotations

Branches:
Dungeon (3/15)              Sewer (1/1)

Altars:
Ru


Innate Abilities, Weirdness & Mutations

You cannot wear most types of armour.
You are amphibious.
You can wear up to eight rings at the same time.
Your skin changes colour to match your surroundings (Stealth+).
Your rubbery body absorbs attacks. (AC +1, EV +1)
((You are camouflaged when in or above water. (Stealth+)))
You have tentacles for arms and can constrict up to eight enemies at once.


Message History

You hit the ball python.
You kill the ball python!
The endoplasm quivers.
You hit the endoplasm but do no damage.
The adder hisses angrily.
The adder bites you.
You are poisoned.
The adder poisons you! The endoplasm closely misses you.
You barely miss the adder. Your grab misses the adder.
You feel sick. The adder bites you.
You are more poisoned.
The adder poisons you! The endoplasm freezes you.
You are frozen.
* * * LOW HITPOINT WARNING * * *
You are too injured to fight recklessly!
Casting: Sandblast (safe; 3% risk of failure)
Confirm with . or Enter, or press ? or * to list all spells.
Aiming: Sandblast (safe; 3% risk of failure)
Press: ? - help, Shift-Dir - straight line, f - adder
Aim: an adder (66% to hit)
The blast of sand hits the adder.
The adder is moderately wounded.
* * * LOW HITPOINT WARNING * * *
You feel sick. The adder closely misses you. The adder misses you.
The endoplasm hits you but does no damage.
Casting: Sandblast (safe; 3% risk of failure)
Confirm with . or Enter, or press ? or * to list all spells.
Aiming: Sandblast (safe; 3% risk of failure)
Press: ? - help, Shift-Dir - straight line, f/p - adder
Aim: an adder (moderately wounded, 66% to hit)
The blast of sand misses the adder.
* * * LOW HITPOINT WARNING * * *
You feel sick. The adder misses you. The endoplasm freezes you.
You are frozen.
* * * LOW HITPOINT WARNING * * *
It was a potion of resistance.
You feel protected.
You die...

#≈≈#
#≈≈#
#≈≈#
#≈≈#
#≈.
##.#
#≈.#
#.∩#
#@.#
#SJ##
#≈≈#
#∩##
##


You could see an adder and an endoplasm.

Vanquished Creatures
  5 adders
  2 dart slugs
  4 ball pythons
  4 endoplasms
  3 giant cockroaches
  4 goblins
  2 hobgoblins (D:2)
  2 kobolds
  2 quokkas (D:1)
  3 bats
  2 rats
33 creatures vanquished.

Notes
Turn   | Place    | Note
-------+----------+-------------------------------------------
     0 | D:1      | Crownlay the Octopode Earth Elementalist began the quest
                  | for the Orb.
     0 | D:1      | Reached XP level 1. HP: 11/11 MP: 3/3
   296 | D:1      | Reached XP level 2. HP: 18/18 MP: 5/5
   803 | D:2      | Reached XP level 3. HP: 22/22 MP: 6/6
   901 | D:2      | Reached skill level 1 in Conjurations
   906 | D:2      | Reached skill level 1 in Fighting
  1524 | D:3      | Found a sacrificial altar of Ru.
  1664 | D:3      | Found a glowing drain.
  1691 | D:3      | Reached XP level 4. HP: 28/28 MP: 5/8
  1724 | Sewer    | Entered a sewer
  1730 | Sewer    | HP: 1/28 [frozen (2)]
  1731 | Sewer    | Succumbed to an adder's poison

Illustrated notes

Levels and vault maps discovered:
D:1:      mrwooster_arrival_statue_3, layout_basic
D:2:      layout_basic
D:3:      layout_basic, nicolae_ru_awakened_eye, gup_sewer_entry_glass,
          hellmonk_ecumenical_altar_pennies_from_heaven
Sewer:    sewer_frog_island_02

Skill      XL: |  1  2  3  4 |
---------------+-------------+-----
Conjurations   | 1 |  1.4
Fighting       | 1 |  1.4
Spellcasting   | 3 |  3.1
Dodging        | |  2.0
Stealth        | |  2.6
Transmutations | |  1.0
Earth Magic    | |  3.4

Action                   |  1- 3 |  4- 6 || total
-------------------------+-------+-------++-------
Melee: Dagger            |    40 |     8 ||    48
       Constrict         |     9 |     1 ||    10
       Tentacles         |     7 |     1 ||     8
       Punch             |     1 |       ||     1
 Cast: Sandblast         |    13 |     7 ||    20
  Use: Scroll            |     2 |       ||     2
       Potion            |       |     1 ||     1
 Stab: Sleeping          |     8 |     1 ||     9
Armor: Skin              |     6 |     1 ||     7
Dodge: Dodged            |    24 |    12 ||    36

Table legend: (Time is in decaauts)
 A = Elapsed time spent in this place.
 B = Non-inter-level travel time spent in this place.
 C = Inter-level travel time spent in this place.
 D = Time resting spent in this place.
 E = Time spent auto-exploring this place.
 F = Levels seen in this place.
 G = Mean time per level.
                   A        B        C        D        E       F      G
               +--------+--------+--------+--------+--------+-----+--------+
         Total |   1729 |   1670 |     59 |     18 |   1412 |   4 |  432.2 |
       Dungeon |   1722 |   1663 |     59 |     18 |   1412 |   3 |  574.0 |
         Sewer |      6 |      6 |      0 |      0 |      0 |   1 |    6.0 |
               +--------+--------+--------+--------+--------+-----+--------+

Top non-repeatable levels by time:
     D:2: 892 daAuts
     D:1: 625 daAuts
     D:3: 204 daAuts
   Sewer: 6 daAuts
